 Dungeon Crawl Stone Soup version 0.22.0-75-g3901e79 (webtiles) character file.

840 Merlin the Charmwright (level 8, -2/63 HPs)
             Began as a Gnoll Skald on Sept 11, 2018.
             Was a Follower of Okawaru.
             Slain by a hound (6 damage)
             ... on level 6 of the Dungeon.
             The game lasted 00:24:24 (5436 turns).

Merlin the Charmwright (Gnoll Skald)                Turns: 5436, Time: 00:24:25

Health: -2/63      AC:  3    Str: 14    XL:     8   Next: 0%
Magic:  16/16      EV: 14    Int: 20    God:    Okawaru [*.....]
Gold:   172        SH:  0    Dex: 14    Spells: 5/18 levels left

rFire    . . .     SeeInvis .   q - +2 hand axe (chop)
rCold    . . .     Gourm    .   (no shield)
rNeg     + . .     Faith    .   b - +0 leather armour
rPois    .         Spirit   .   (no helmet)
rElec    .         Reflect  .   (no cloak)
rCorr    .         Harm     .   (no gloves)
MR       .....                  (no boots)
Stlth    ++........             (no amulet)
HPRegen  0.20/turn              y - ring of positive energy
MPRegen  0.15/turn              (no ring)

@: no status effects
A: distributed training, claws 1, fangs 1, clever 1, strong nose
a: Heroism, Renounce Religion


You were on level 6 of the Dungeon.
You worshipped Okawaru.
Okawaru was aware of your devotion.
You were not hungry.

You visited 1 branch of the dungeon, and saw 6 of its levels.

You collected 172 gold pieces.

Inventory:

Hand Weapons
 q - a +2 hand axe of chopping (weapon)
 s - a +0 blowgun
 z - a +1 falchion of protection
 A - a +1 shortbow of freezing
Missiles
 t - 45 poisoned needles
 v - 3 needles of confusion
 B - 15 arrows
Armour
 b - a +0 leather armour (worn)
Jewellery
 w - an uncursed amulet of harm
 y - a ring of positive energy (left claw)
Wands
 x - a wand of polymorph (13)
Scrolls
 a - a scroll of blinking {unknown}
 c - a scroll of remove curse {unknown}
 e - a scroll of enchant armour {unknown}
 g - 2 scrolls of fear {unknown}
 l - a scroll of enchant weapon {unknown}
 m - 2 scrolls of magic mapping
 n - a scroll of amnesia {unknown}
 p - a scroll of teleportation
 r - a scroll of noise {unknown}
Potions
 h - a potion of lignification {unknown}
 i - 2 potions of cancellation
 j - a potion of agility {unknown}
 k - a potion of mutation
 o - 2 potions of resistance {unknown}
 u - a potion of haste {unknown}
Comestibles
 d - 10 rations


   Skills:
 + Level 5.4 Fighting
 + Level 2.7 Short Blades
 + Level 5.4 Long Blades
 + Level 2.7 Axes
 + Level 2.7 Maces & Flails
 + Level 2.7 Polearms
 + Level 2.7 Staves
 + Level 2.7 Slings
 + Level 2.7 Bows
 + Level 2.7 Crossbows
 + Level 2.7 Throwing
 + Level 3.8 Armour
 + Level 5.4 Dodging
 + Level 2.7 Stealth
 + Level 2.7 Shields
 + Level 2.7 Unarmed Combat
 + Level 5.7 Spellcasting
 + Level 2.2 Conjurations
 + Level 2.2 Hexes
 + Level 5.9 Charms
 + Level 2.2 Summonings
 + Level 2.2 Necromancy
 + Level 2.2 Translocations
 + Level 2.2 Transmutations
 + Level 2.2 Fire Magic
 + Level 2.2 Ice Magic
 + Level 2.2 Air Magic
 + Level 2.2 Earth Magic
 + Level 2.2 Poison Magic
 + Level 3.0 Invocations
 + Level 2.7 Evocations


You had 5 spell levels left.
You knew the following spells:

 Your Spells              Type           Power        Failure   Level  Hunger
a - Infusion              Chrm           ####         1%          1    None
b - Song of Slaying       Chrm           ####....     1%          2    None
c - Shroud of Golubria    Chrm/Tloc      ###.......   3%          2    None
d - Spectral Weapon       Hex/Chrm       ###.....     8%          3    ##.....
e - Mephitic Cloud        Conj/Pois/Air  ##......     16%         3    ##.....
f - Slow                  Hex            ##......     8%          2    None

Your spell library contained the following spells:

 Spells                   Type           Power        Failure   Level  Hunger
 Magic Dart               Conj           ##..         5%          1    None
 Blink                    Tloc           N/A          8%          2    None
 Call Imp                 Summ           ##......     8%          2    None
 Regeneration             Chrm/Necr      ###.......   8%          3    ##.....
 Conjure Flame            Conj/Fire      ##......     16%         3    ##.....


Dungeon Overview and Level Annotations

Branches:
Dungeon (6/15)             Temple (0/1) D:4

Altars:
Cheibriados
Fedhas
Kikubaaqudgha
Okawaru
The Shining One

Shops:
D:4 *

Annotations:
D:5 2 transporters


Innate Abilities, Weirdness & Mutations

Your experience applies equally to all skills.
You have very sharp teeth.
Your uncanny sense of smell can sniff out nearby items.
You have sharp fingernails.
Your mind is acute. (Int +2)


Message History

The orc throws a tomahawk.
The tomahawk hits you.
* * * LOW HITPOINT WARNING * * *
You climb downwards.
A hound and a jelly come into view.
There is a stone staircase leading up here.
You feel extremely strange.
You feel clever.
Your fingernails lengthen.
The hound barks!
The jelly quivers.
You miss the hound. The hound bites you.
* * * LOW HITPOINT WARNING * * *
The hound barely misses you.
You hit the hound. Your claw misses the hound.
The hound is lightly wounded.
The hound barely misses you. The hound bites you.
* * * LOW HITPOINT WARNING * * *
You barely miss the hound.
The hound is lightly wounded.
The hound bites you.
You die...

#########
#@...J...
#h#######
... ##.##
#.# #.#
... #.#


You could see a hound and a jelly.

Vanquished Creatures
  A phantom (D:5)
  An ogre (D:4)
  2 centaurs
  A howler monkey (D:4)
  An orc wizard (D:2)
  An orc priest (D:4)
  2 hounds
  A worker ant (D:4)
  10 gnolls
  A howler monkey skeleton (D:5)
  12 adders
  A shadow imp (D:5)
  An ooze (D:1)
  4 worms
  2 dart slugs
  A leopard gecko (D:3)
  5 orcs
  4 giant cockroaches
  7 goblins
  10 hobgoblins
  11 jackals
  14 kobolds
  A quokka (D:4)
  5 ball pythons (D:3)
  7 bats
  5 frilled lizards
  A quokka skeleton (D:4)
  5 rats
117 creatures vanquished.

Notes
Turn   | Place    | Note
-------+----------+-------------------------------------------
     0 | D:1      | Merlin the Gnoll Skald began the quest for the Orb.
     0 | D:1      | Reached XP level 1. HP: 20/20 MP: 6/6
   100 | D:1      | You fall through a shaft!
   103 | D:2      | Reached XP level 2. HP: 26/26 MP: 3/7
   325 | D:1      | Reached XP level 3. HP: 31/31 MP: 9/9
   365 | D:1      | Learned a level 2 spell: Song of Slaying
   368 | D:1      | Learned a level 2 spell: Shroud of Golubria
   372 | D:1      | Learned a level 3 spell: Spectral Weapon
   386 | D:1      | Reached skill level 5 in Spellcasting
   709 | D:2      | Reached skill level 1 in Invocations
   712 | D:2      | Reached skill level 1 in Short Blades
   712 | D:2      | Reached skill level 1 in Axes
   712 | D:2      | Reached skill level 1 in Maces & Flails
   712 | D:2      | Reached skill level 1 in Polearms
   712 | D:2      | Reached skill level 1 in Staves
   712 | D:2      | Reached skill level 1 in Slings
   712 | D:2      | Reached skill level 1 in Bows
   712 | D:2      | Reached skill level 1 in Crossbows
   712 | D:2      | Reached skill level 1 in Throwing
   712 | D:2      | Reached skill level 1 in Stealth
   712 | D:2      | Reached skill level 1 in Shields
   712 | D:2      | Reached skill level 1 in Unarmed Combat
   712 | D:2      | Reached skill level 1 in Evocations
   712 | D:2      | Reached XP level 4. HP: 24/38 MP: 4/11
  1035 | D:2      | Reached skill level 1 in Conjurations
  1035 | D:2      | Reached skill level 1 in Hexes
  1035 | D:2      | Reached skill level 1 in Summonings
  1035 | D:2      | Reached skill level 1 in Necromancy
  1035 | D:2      | Reached skill level 1 in Translocations
  1035 | D:2      | Reached skill level 1 in Transmutations
  1035 | D:2      | Reached skill level 1 in Fire Magic
  1035 | D:2      | Reached skill level 1 in Ice Magic
  1035 | D:2      | Reached skill level 1 in Air Magic
  1035 | D:2      | Reached skill level 1 in Earth Magic
  1035 | D:2      | Reached skill level 1 in Poison Magic
  1238 | D:2      | Found an ancient bone altar of Kikubaaqudgha.
  1238 | D:2      | Found a blossoming altar of Fedhas.
  1239 | D:2      | Found a glowing golden altar of the Shining One.
  1714 | D:2      | Found an iron altar of Okawaru.
  1715 | D:2      | Reached XP level 5. HP: 40/43 MP: 5/12
  1737 | D:2      | Became a worshipper of Warmaster Okawaru
  2705 | D:3      | Reached XP level 6. HP: 40/50 MP: 13/13
  3264 | D:3      | Reached skill level 5 in Fighting
  3264 | D:3      | Reached skill level 5 in Long Blades
  3264 | D:3      | Reached skill level 5 in Dodging
  3551 | D:4      | Learned a level 3 spell: Mephitic Cloud
  3554 | D:4      | Learned a level 2 spell: Slow
  4046 | D:4      | Reached XP level 7. HP: 5/56 MP: 12/15
  4370 | D:4      | Found Leoseaf's Assorted Antiques.
  4418 | D:4      | Found a staircase to the Ecumenical Temple.
  4827 | D:5      | Entered Level 5 of the Dungeon
  4855 | D:4      | Reached * piety under Okawaru
  5093 | D:5      | Noticed a troll
  5094 | D:5      | Found a snail-covered altar of Cheibriados.
  5108 | D:5      | Found a transporter.
  5115 | D:5      | Found a transporter.
  5139 | D:5      | Noticed a wyvern
  5139 | D:5      | an ogre changed into a wyvern
  5140 | D:5      | Noticed a naga
  5140 | D:5      | a wyvern changed into a naga
  5419 | D:5      | Reached XP level 8. HP: 6/63 MP: 16/16
  5433 | D:6      | Gained mutation: Your mind is acute. (Int +2) [potion of
                  | mutation]
  5433 | D:6      | Gained mutation: You have sharp fingernails. [potion of
                  | mutation]
  5435 | D:6      | HP: 3/63 [hound (1)]
  5436 | D:6      | Slain by a hound

Skill      XL: |  1  2  3  4  5  6  7 |
---------------+----------------------+-----
Spellcasting   | 5 |  5.7
Invocations    | 1 2 3 |  3.0
Short Blades   | 1 2 |  2.7
Axes           | 1 2 |  2.7
Maces & Flails | 1 2 |  2.7
Polearms       | 1 2 |  2.7
Staves         | 1 2 |  2.7
Slings         | 1 2 |  2.7
Bows           | 1 2 |  2.7
Crossbows      | 1 2 |  2.7
Throwing       | 1 2 |  2.7
Stealth        | 1 2 |  2.7
Shields        | 1 2 |  2.7
Unarmed Combat | 1 2 |  2.7
Evocations     | 1 2 |  2.7
Conjurations   | 1 2 |  2.2
Hexes          | 1 2 |  2.2
Summonings     | 1 2 |  2.2
Necromancy     | 1 2 |  2.2
Translocations | 1 2 |  2.2
Transmutations | 1 2 |  2.2
Fire Magic     | 1 2 |  2.2
Ice Magic      | 1 2 |  2.2
Air Magic      | 1 2 |  2.2
Earth Magic    | 1 2 |  2.2
Poison Magic   | 1 2 |  2.2
Armour         | 3 |  3.8
Fighting       | 5 |  5.4
Long Blades    | 5 |  5.4
Dodging        | 5 |  5.4
Charms         | |  5.9

Action                   |  1- 3 |  4- 6 |  7- 9 || total
-------------------------+-------+-------+-------++-------
Melee: Falchion          |    41 |   132 |    74 ||   247
       Bite              |     3 |    24 |    12 ||    39
       Punch             |       |     2 |     1 ||     3
       Hand axe          |       |   117 |    13 ||   130
 Fire: Blowgun           |       |     1 |    18 ||    19
 Cast: Infusion          |     2 |     7 |     2 ||    11
       Song of Slaying   |     1 |     4 |       ||     5
       Shroud of Golubri |       |     9 |     1 ||    10
Evoke: Wand              |       |       |     3 ||     3
  Use: Scroll            |       |     6 |     2 ||     8
       Potion            |       |       |     4 ||     4
 Stab: Sleeping          |       |     7 |     1 ||     8
  Eat: Chunk             |       |    10 |     2 ||    12
       Ration            |       |       |     1 ||     1
Armor: Leather armour    |     7 |    35 |    23 ||    65
Dodge: Dodged            |    29 |   185 |    65 ||   279
       Rpst.: Falchion   |    10 |    23 |    15 ||    48
